 Dungeon Crawl Stone Soup version 0.30-a0-591-g3c58d2bc28 (webtiles) character file.

Game seed: 10661846558609238807

73 whiskeysaurus the Grasshopper (level 4, -8/38 HPs)
             Began as a Gnoll Warper on Jan 4, 2023.
             Killed from afar by Sigmund (12 damage)
             ... with a puff of flame
             ... on level 2 of the Dungeon.
             The game lasted 00:05:29 (1348 turns).

whiskeysaurus the Grasshopper (Gnoll Warper)        Turns: 1348, Time: 00:05:29

Health: -8/38      AC:  3    Str: 13    XL:     4   Next: 27%
Magic:  11/11      EV: 12    Int: 12    God:
Gold:   73         SH:  0    Dex: 11    Spells: 13/13 levels left

rFire   . . .      SeeInvis .    a - +0 mace
rCold   . . .      Faith    .    (no shield)
rNeg    . . .      Spirit   .    b - +0 leather armour
rPois   .          Reflect  .    (no helmet)
rElec   .          Harm     .    (no cloak)
rCorr   .          Rampage  .    (no gloves)
Will    .....                    (no boots)
Stlth   +                        (no amulet)
HPRegen 0.26/turn                (no ring)
MPRegen 0.12/turn                (no ring)

@: no status effects
A: fangs 1, strong nose, distributed training
a: no special abilities


You were on level 2 of the Dungeon.
You visited 1 branch of the dungeon, and saw 2 of its levels.

You collected 73 gold pieces.

Inventory:

Hand Weapons
 a - a +0 mace (weapon)
Missiles
 d - 7 boomerangs of dispersal (quivered)
Armour
 b - a +0 leather armour (worn)
 f - a scarf of harm
Jewellery
 e - a +4 ring of slaying
 o - a ring of positive energy
 p - a ring of magical power
Scrolls
 g - a scroll of magic mapping {unknown}
 i - a scroll of vulnerability {unknown}
 j - a scroll of acquirement {unknown}
 k - a scroll of teleportation {unknown}
 m - a scroll of enchant armour {unknown}
 n - a scroll of fear {unknown}
 q - a scroll of enchant weapon {unknown}
Potions
 h - 2 potions of flight


   Skills:
 + Level 4.6 Fighting
 + Level 1.1 Short Blades
 + Level 1.1 Long Blades
 + Level 1.1 Axes
 + Level 4.6 Maces & Flails
 + Level 1.1 Polearms
 + Level 1.1 Staves
 + Level 1.1 Ranged Weapons
 + Level 2.7 Throwing
 + Level 2.7 Armour
 + Level 4.6 Dodging
 + Level 1.1 Stealth
 + Level 1.1 Shields
 + Level 1.1 Unarmed Combat
 + Level 5.1 Spellcasting
 + Level 0.9 Conjurations
 + Level 0.9 Hexes
 + Level 0.9 Summonings
 + Level 0.9 Necromancy
 + Level 5.4 Translocations
 + Level 0.9 Transmutations
 + Level 0.9 Fire Magic
 + Level 0.9 Ice Magic
 + Level 0.9 Air Magic
 + Level 0.9 Earth Magic
 + Level 0.9 Poison Magic
 + Level 1.2 Invocations
 + Level 1.1 Evocations


You had 13 spell levels left.
You didn't know any spells.
Your spell library contained the following spells:

 Spells                   Type           Power      Damage    Failure   Level
 Blink                    Tloc           32%        N/A       4%          2
 Lesser Beckoning         Tloc           32%        N/A       8%          3
 Teleport Other           Tloc           16%        N/A       8%          3
 Slow                     Hex            20%        N/A       17%         1
 Summon Small Mammal      Summ           20%        N/A       17%         1
 Vhi's Electric Charge    Tloc/Air       20%        N/A       21%         3
 Manifold Assault         Tloc           16%        N/A       26%         4
 Call Canine Familiar     Summ           5%         N/A       45%         3
 Confusing Touch          Hex            5%         N/A       45%         3
 Summon Guardian Golem    Hex/Summ       5%         N/A       45%         3
 Vampiric Draining        Necr           5%         2d6       45%         3


Dungeon Overview and Level Annotations

Branches:
Dungeon (2/15)

Altars:

Shops:
D:2 (

Annotations:
D:2 Jessica, Sigmund


Innate Abilities, Weirdness & Mutations

You have very sharp teeth.
Your uncanny sense of smell can sniff out nearby items.
Your experience applies equally to all skills.


Message History

You kill Robin!
Jessica casts a spell.
Jessica blinks!
Items here: ) ? [[ †.
Jessica gestures wildly.
Things that are here:
a +0 dagger; a +0 sling; a goblin corpse Jessica looks very angry.
Blink to where?
Press: ? - help, Dir - move target
As you read the scroll of blinking, it crumbles to dust.
Jessica mumbles something strange.
Things that are here:
a +0 dagger; a +0 sling; a goblin corpse
Items here: ) ? [[ †.
Things that are here:
a +0 club; a scroll labelled ZEUNOI NIPRIQ
There is a large open door here.
Jessica gestures wildly while chanting.
Jessica blinks!
You close the large door.
Jessica opens the large door.
Found a shiny scale mail.
Jessica casts a spell.
Jessica blinks!
There is a large open door here.
There is a large open door here.
Sigmund shouts!
Sigmund hits you but does no damage.
Sigmund points at you and mumbles some strange words.
You resist with some effort. Sigmund casts a spell at you.
The puff of flame hits you!
An adder comes into view.
Sigmund points at you and mumbles some strange words.
The magic dart hits you!
* * * LOW HITPOINT WARNING * * *
Sigmund gestures at you while chanting. The puff of flame hits you!
You die...

#####.#.###...##.....####.###.#..
......#......@.#.###.# #.# #....
####........##@#.....# #.# #####
####)########...#########.###
..##)# #...# #.....# #.##.# #...#
#.#.#.### #.##.# #...#
#.......### .....#
######...#######.###.#.##.
#.######........@>...##.....#.##.
..# #................S..........
..# #.#.............##.##.##.##.
.#####.#####....#.#####.##.##.##.
....##.# #....#.# #.......###
.##.##.# #....#.# ####.####
.##.##.# #....#.# #.# .......#
#......# #.###### .##.####
#......# #.##....


You could see Sigmund, an adder (wandering) and Jessica.

Vanquished Creatures
  Robin (D:2)
  4 ball pythons
  4 endoplasms
  A giant cockroach (D:1)
  9 hobgoblins
  11 jackals (D:1)
  2 quokkas (D:1)
  3 bats (D:1)
  4 frilled lizards
  11 goblins
  3 rats
53 creatures vanquished.

Notes
Turn   | Place    | Note
-------+----------+-------------------------------------------
     0 | D:1      | whiskeysaurus the Gnoll Warper began the quest for the Orb.
     0 | D:1      | Reached XP level 1. HP: 20/20 MP: 6/6
    98 | D:1      | Reached XP level 2. HP: 14/26 MP: 7/7
   231 | D:1      | Reached skill level 5 in Spellcasting
   231 | D:1      | Reached XP level 3. HP: 29/31 MP: 7/9
   408 | D:1      | Reached skill level 1 in Invocations
   803 | D:2      | Reached skill level 1 in Short Blades
   803 | D:2      | Reached skill level 1 in Long Blades
   803 | D:2      | Reached skill level 1 in Axes
   803 | D:2      | Reached skill level 1 in Polearms
   803 | D:2      | Reached skill level 1 in Staves
   803 | D:2      | Reached skill level 1 in Ranged Weapons
   803 | D:2      | Reached skill level 1 in Stealth
   803 | D:2      | Reached skill level 1 in Shields
   803 | D:2      | Reached skill level 1 in Unarmed Combat
   803 | D:2      | Reached skill level 1 in Evocations
   898 | D:2      | Noticed Sigmund
   909 | D:2      | Noticed Robin
  1157 | D:2      | Reached XP level 4. HP: 38/38 MP: 11/11
  1205 | D:2      | Found Lananunkoy's Weapon Shoppe.
  1275 | D:2      | Noticed Jessica
  1299 | D:2      | Killed Robin
  1348 | D:2      | Killed from afar by Sigmund

Illustrated notes

Levels and vault maps discovered:
D:1:      grunt_arrival_crossed_arrows, layout_basic
D:2:      layout_loops_cross, serial_shops, nicolae_shop_crystal,
          kennysheep_generic_room_12, uniq_sigmund, uniq_jessica, uniq_robin

Skill      XL: |  1  2  3 |
---------------+----------+-----
Spellcasting   | 5 |  5.1
Invocations    | 1 |  1.2
Short Blades   | 1 |  1.1
Long Blades    | 1 |  1.1
Axes           | 1 |  1.1
Polearms       | 1 |  1.1
Staves         | 1 |  1.1
Ranged Weapons | 1 |  1.1
Stealth        | 1 |  1.1
Shields        | 1 |  1.1
Unarmed Combat | 1 |  1.1
Evocations     | 1 |  1.1
Fighting       | |  4.6
Maces & Flails | |  4.6
Throwing       | |  2.7
Armour         | |  2.7
Dodging        | |  4.6
Conjurations   | |  0.9
Hexes          | |  0.9
Summonings     | |  0.9
Necromancy     | |  0.9
Translocations | |  5.4
Transmutations | |  0.9
Fire Magic     | |  0.9
Ice Magic      | |  0.9
Air Magic      | |  0.9
Earth Magic    | |  0.9
Poison Magic   | |  0.9

Action                   |  1- 3 |  4- 6 || total
-------------------------+-------+-------++-------
Melee: Mace              |   135 |    31 ||   166
       Bite              |     7 |     4 ||    11
  Use: Potion            |       |     2 ||     2
       Scroll            |       |     1 ||     1
 Stab: Sleeping          |     1 |       ||     1
Armor: Leather armour    |    34 |     7 ||    41
Dodge: Dodged            |    81 |    25 ||   106

Table legend: (Time is in decaauts)
 A = Elapsed time spent in this place.
 B = Non-inter-level travel time spent in this place.
 C = Inter-level travel time spent in this place.
 D = Time resting spent in this place.
 E = Time spent auto-exploring this place.
 F = Levels seen in this place.
 G = Mean time per level.
                   A        B        C        D        E       F      G
               +--------+--------+--------+--------+--------+-----+--------+
         Total |   1379 |   1292 |     87 |      0 |    841 |   2 |  689.5 |
       Dungeon |   1379 |   1292 |     87 |      0 |    841 |   2 |  689.5 |
               +--------+--------+--------+--------+--------+-----+--------+

Top non-repeatable levels by time:
     D:1: 921 daAuts
     D:2: 457 daAuts
